 Dungeon Crawl Stone Soup version 0.22.0-6-g71bd7aa (webtiles) character file.

96283 Daviar the Unseen (level 16, -1/174 HPs)
             Began as an Octopode Fighter on Aug 14, 2018.
             Was an Initiate of Gozag.
             Slain by an alligator snapping turtle (27 damage)
             ... on level 1 of the Shoals.
             The game lasted 01:17:23 (26657 turns).

Daviar the Unseen (Octopode Fighter)               Turns: 26657, Time: 01:17:24

Health: -1/174     AC: 14    Str: 24    XL:     16   Next: 16%
Magic:  19/21      EV: 23    Int: 13    God:    Gozag
Gold:   471        SH: 15    Dex: 20    Spells: 15/15 levels left

rFire    + + +     SeeInvis +   S - +3 Elemental Staff {rElec rF++ rC++ MR++ AC+5}
rCold    + + +     Gourm    .   U - +2 shield {AC+3}
rNeg     . . .     Faith    .   e - +2 hat
rPois    +         Spirit   .   M - amulet of rage
rElec    +         Reflect  .   g - ring of stealth
rCorr    .         Harm     .   A - +1 ring of protection
MR       +++..                  T - +3 ring of dexterity
Stlth    ..........             C - ring of protection from cold
HPRegen  0.39/turn              D - ring of ice
MPRegen  0.17/turn              Q - ring "Axoceul" {*Contam +Inv rPois rF+++ rC- SInv}
                                P - +2 ring of protection
                                J - +3 ring of strength

@: berserking, slightly contaminated, invisible, very quick
A: almost no armour, stealthy swim, amphibious, 8 rings, constrict 8, camouflage
1, clever 1, low mp 1, gelatinous body 1
a: Potion Petition, Call Merchant, Bribe Branch, Renounce Religion, Evoke
Berserk Rage


You were on level 1 of the Shoals.
You worshipped Gozag.
Gozag was aware of your devotion.
You were not hungry.

You visited 4 branches of the dungeon, and saw 24 of its levels.
You also visited: Labyrinth.

You collected 8307 gold pieces.
You spent 764 gold pieces at shops.
You paid 7072 gold pieces to Gozag.

Inventory:

Hand Weapons
 N - the +11 short sword of Dismay {pierce, Str+4 Int+5 Stlth+}
   (You bought it in a shop on level 10 of the Dungeon)

   It inflicts extra damage upon your enemies.
   It affects your strength (+4).
   It affects your intelligence (+5).
   It makes you more stealthy.
 O - a +5 scimitar of flaming
 S - the +3 Elemental Staff (weapon) {rElec rF++ rC++ MR++ AC+5}
   (You found it in a labyrinth)

   It affects your AC (+5).
   It greatly protects you from fire.
   It greatly protects you from cold.
   It insulates you from electricity.
   It affects your resistance to hostile enchantments.
Missiles
 Y - a throwing net (quivered) {!f}
Armour
 a - a +2 shield of fire resistance
 b - a +5 shield
 e - a +2 hat (worn)
 U - a +2 shield of protection (worn)
Jewellery
 g - a ring of stealth (left tentacle)
 j - an uncursed amulet of regeneration
 A - a +1 ring of protection (right tentacle)
 C - a ring of protection from cold (on tentacle)
 D - a ring of ice (on tentacle)
 E - an uncursed ring of ice
 J - a +3 ring of strength (on tentacle)
 K - an uncursed ring of wizardry
 M - an amulet of rage (around mantle)
 P - a +2 ring of protection (on tentacle)
 Q - the ring "Axoceul" (on tentacle) {*Contam +Inv rPois rF+++ rC- SInv}
   (You found it on level 2 of the Lair of Beasts)

   [ring of see invisible]

   It renders you almost immune to fire.
   It makes you vulnerable to cold.
   It protects you from poison.
   It lets you see invisible.
   It lets you turn invisible.
   It causes magical contamination when unequipped.
 T - a +3 ring of dexterity (on tentacle)
Wands
 o - a wand of digging (12)
 z - a wand of polymorph (21)
 G - a wand of flame (78)
 H - a wand of clouds (5)
 L - a wand of paralysis (27)
Scrolls
 i - 2 scrolls of identify
 n - 4 scrolls of fear
 r - 20 scrolls of remove curse
 s - 4 scrolls of amnesia
 t - 8 scrolls of teleportation
 v - 3 scrolls of immolation
 y - 2 scrolls of fog
 F - 3 scrolls of enchant armour
 W - 2 scrolls of enchant weapon
 X - 3 scrolls of magic mapping
Potions
 c - 4 potions of curing
 f - a potion of haste
 h - 4 potions of heal wounds
 k - 5 potions of flight
 l - 3 potions of magic {unknown}
 m - 7 potions of might
 p - a potion of mutation {!q}
 q - 3 potions of resistance
 u - 5 potions of lignification {!q}
 w - 2 potions of brilliance {unknown}
 B - 2 potions of ambrosia
 I - 4 potions of agility
Miscellaneous
 R - a phantom mirror
 V - a sack of spiders
Comestibles
 d - 22 rations


   Skills:
 + Level 12.7 Fighting
 - Level 9.1(11.0) Short Blades
 - Level 10.0(11.4) Long Blades
 + Level 12.0 Dodging
 + Level 16.7 Stealth
 + Level 11.4 Shields
 * Level 10.2 Evocations


You had 15 spell levels left.
You didn't know any spells.
Your spell library contained the following spells:

 Spells                   Type           Power        Failure   Level  Hunger
 Cause Fear               Hex            #.........   99%         4    #####..
 Fireball                 Conj/Fire      #.........   100%        5    ######.
 Apportation              Tloc           #.....       43%         1    ##.....
 Conjure Flame            Conj/Fire      #.......     82%         3    ####...
 Lightning Bolt           Conj/Air       #.........   100%        5    ######.
 Bolt of Magma            Conj/Fire/Erth #.........   100%        5    ######.
 Slow                     Hex            #.......     58%         2    ###....
 Invisibility             Hex            #.......     100%        6    #######
 Throw Flame              Conj/Fire      #.....       58%         2    ###....
 Freezing Cloud           Conj/Ice/Air   #.........   100%        6    #######
 Mephitic Cloud           Conj/Pois/Air  #.......     82%         3    ####...
 Ring of Flames           Chrm/Fire      #.........   100%        7    #######
 Venom Bolt               Conj/Pois      #.........   100%        5    ######.
 Olgreb's Toxic Radiance  Pois           #.......     99%         4    #####..
 Summon Small Mammal      Summ           #...         43%         1    ##.....
 Sticky Flame             Conj/Fire      #.......     99%         4    #####..
 Summon Ice Beast         Ice/Summ       #.......     99%         4    #####..
 Call Imp                 Summ           #.......     58%         2    ###....
 Sting                    Conj/Pois      #...         43%         1    ##.....
 Tukima's Dance           Hex            #.......     82%         3    ####...
 Iron Shot                Conj/Erth      #.........   100%        6    #######
 Shock                    Conj/Air       #...         43%         1    ##.....
 Swiftness                Chrm/Air       #.......     58%         2    ###....
 Spider Form              Tmut/Pois      #.........   82%         3    ####...
 Blade Hands              Tmut           #.........   100%        5    ######.
 Ice Form                 Ice/Tmut       #.......     99%         4    #####..
 Airstrike                Air            #.........   99%         4    #####..
 Flame Tongue             Conj/Fire      #....        43%         1    ##.....
 Sticks to Snakes         Tmut           #.......     58%         2    ###....
 Call Canine Familiar     Summ           #.......     82%         3    ####...
 Summon Butterflies       Summ           #.......     43%         1    ##.....
 Static Discharge         Conj/Air       #.......     82%         3    ####...
 Corona                   Hex            #......      43%         1    ##.....
 Alistair's Intoxication  Tmut/Pois      #.......     100%        5    ######.
 Portal Projectile        Hex/Tloc       #.....       82%         3    ####...
 Orb of Destruction       Conj           #.........   100%        7    #######
 Leda's Liquefaction      Hex/Erth       #.........   99%         4    #####..
 Inner Flame              Hex/Fire       #.......     82%         3    ####...
 Beastly Appendage        Tmut           #.....       43%         1    ##.....
 Iskenderun's Battlesphe  Conj/Chrm      #.......     100%        5    ######.
 Summon Lightning Spire   Summ/Air       #.......     99%         4    #####..
 Summon Guardian Golem    Hex/Summ       #.......     82%         3    ####...
 Spellforged Servitor     Conj/Summ      #.........   100%        7    #######
 Lesser Beckoning         Tloc           #.........   82%         3    ####...
 Poisonous Vapours        Pois/Air       #.....       58%         2    ###....


Dungeon Overview and Level Annotations

Branches:
Dungeon (15/15)            Temple (0/1) D:7            Lair (6/6) D:9
 Shoals (1/4) Lair:3       Spider (0/4) Lair:4        Slime (0/5) Lair:6
    Orc (2/2) D:12            Elf (0/3) Orc:2        Vaults (0/5) D:13
 Depths (0/5) D:15

Altars:
Ashenzari
Cheibriados
Elyvilon
Gozag
Qazlal
Uskayaw
Vehumet
Xom
Yredelemnul
The Shining One

Shops:
D:4 [   D:5 [   D:10 ((   D:12 **   D:13 =   Orc:2 ([*:?   Lair:1 (   Lair:4 =
Lair:6 =

Portals:
Trove: D:12 (give 2 scrolls of acquirement)

Annotations:
D:8 1 runed door


Innate Abilities, Weirdness & Mutations

You cannot wear most types of armour.
You are very stealthy in the water. (Stealth+)
You are amphibious.
You can wear up to eight rings at the same time.
You can use your tentacles to constrict eight enemies at once.
Your skin changes colour to match your surroundings (Stealth+).
Your rubbery body absorbs attacks. (AC +1, EV +1)
Your mind is acute. (Int +2)
Your magical capacity is low. (-10% MP)


Message History

You now have 19/21 mp.
Press: ? - help, v - describe, . - travel
Here: an alligator snapping turtle (water) Some deep water.
A red film seems to cover your vision as you go berserk!
You feel yourself moving faster!
You feel mighty!
You feel a lot more hungry.
The alligator snapping turtle bites you but does no damage.
You now have 48/174 hp.
You feel a strong urge to attack something.
The alligator snapping turtle bites you!!
* * * LOW HITPOINT WARNING * * *
You take 23 damage, and have 25/174 hp.
You hit the alligator snapping turtle but do no damage.
You hit the alligator snapping turtle but do no damage.
You burn the alligator snapping turtle.
You squeeze the alligator snapping turtle.
The alligator snapping turtle is lightly wounded.
The alligator snapping turtle bites you!!
You die...
Your body crumbles into a pile of gold.

#≈≈≈≈≈≈≈≈≈≈≈≈.
#≈≈≈≈≈≈≈≈≈≈≈≈>
#≈≈≈≈≈≈≈≈≈≈≈..
#≈≈≈≈≈≈≈≈≈≈...
#≈≈≈≈≈≈≈≈>}...
#≈≈≈≈≈≈≈......
#≈≈≈≈≈≈≈......
#t≈≈≈≈≈≈≈....
#@≈≈≈≈≈≈≈≈..
#≈≈≈≈≈≈≈≈≈≈
#≈≈≈≈≈≈≈≈≈
#≈≈≈≈≈≈≈≈
#≈≈≈≈≈≈≈≈ .
#≈≈≈≈≈≈≈≈ .
#≈≈≈≈≈≈≈≈ .
#≈≈≈≈≈≈≈≈ .
#≈≈≈≈≈≈≈≈ $ .


You could see an alligator snapping turtle.

Vanquished Creatures
  Rupert (D:13)
  An orc warlord (Orc:2)
  A minotaur (Lab)
  Snorg (Lair:6)
  Josephine (D:14)
  Harold (D:10)
  8 hydras
  Erica (D:10)
  2 catoblepae
  6 two-headed ogres
  An ogre mage (D:15)
  5 orc high priests
  Sonja (D:13)
  A skeletal warrior (D:12)
  4 unseen horrors
  2 wizards (D:15)
  2 lindwurms (Lair:6)
  A wolf spider zombie (D:15)
  An orb spider (Lair:4)
  4 harpies (Shoals:1)
  4 orc knights
  4 deep elf magi
  A necromancer (D:15)
  2 manticores (Lair:6)
  4 oklob plants
  3 cyclopes
  5 orc sorcerers
  20 ugly things
  2 fauns (Shoals:1)
  Joseph (D:8)
  10 elephants
  3 centaur zombies (D:15)
  3 torpor snails
  4 black mambas
  A merfolk siren (Shoals:1)
  Psyche (D:8)
  2 naga magi (D:15)
  A gargoyle (D:15)
  9 spiny frogs
  An efreet (D:15)
  3 kobold demonologists
  5 rime drakes
  9 komodo dragons
  2 trolls
  3 meliai (D:13)
  A polar bear (shapeshifter) (D:13)
  A harpy zombie (D:14)
  A troll (shapeshifter) (D:13)
  A hornet (D:14)
  Grinder (D:5)
  A slime creature (Lair:6)
  4 polar bears
  4 blink frogs (Lair:6)
  A dream sheep (Lair:6)
  5 hippogriffs
  A redback (Lab)
  19 flying skulls (D:12)
  5 wyverns
  A shadow (D:13)
  2 centaur simulacra (D:15)
  5 wraiths
  A human (D:7)
  37 yaks
  3 hogs (D:7)
  3 basilisks
  5 vampire mosquitoes (D:15)
  8 hungry ghosts
  Menkaure (D:5)
  9 wargs (Orc:1)
  An acid dragon (D:14)
  10 water moccasins
  2 soldier ants
  A floating eye (shapeshifter) (D:13)
  4 porcupines
  3 ice beasts
  35 orc warriors
  4 sky beasts
  3 black bears
  An eye of draining (D:14)
  17 ogres
  2 phantoms
  11 centaurs
  10 wolves
  10 crocodiles
  4 big kobolds
  13 bullfrogs
  A wyvern skeleton (D:14)
  2 scorpions
  4 wights (D:12)
  10 killer bees
  2 howler monkeys
  8 crimson imps
  9 hounds
  11 jellies
  18 orc priests
  3 centaur skeletons
  23 orc wizards
  4 iguanas
  8 worker ants
  A killer bee zombie (D:6)
  A hound skeleton (D:5)
  A hound zombie (D:7)
  3 worker ant zombies
  8 gnolls
  14 adders
  2 howler monkey skeletons
  2 shadow imps
  An ooze (D:4)
  An adder skeleton (D:6)
  4 worms
  A dart slug (D:1)
  8 leopard geckos
  80 orcs
  4 giant cockroaches
  13 hobgoblins
  20 jackals
  35 kobolds
  5 quokkas
  2 ball pythons
  7 bats
  2 frilled lizards
  7 goblins
  A goblin zombie (D:8)
  A jackal skeleton (D:4)
  A leopard gecko skeleton (D:4)
  A quokka zombie (D:9)
  6 rats
  A fungus (Lair:6)
  3 plants (Lair:6)
738 creatures vanquished.

Vanquished Creatures (collateral kills)
  A komodo dragon (Lair:3)
1 creature vanquished.

Vanquished Creatures (others)
  An orc warrior (D:13)
  16 fungi
  10 plants
27 creatures vanquished.

Grand Total: 766 creatures vanquished

Notes
Turn   | Place    | Note
-------+----------+-------------------------------------------
     0 | D:1      | Daviar the Octopode Fighter began the quest for the Orb.
     0 | D:1      | Reached XP level 1. HP: 16/16 MP: 1/1
   120 | D:1      | Reached XP level 2. HP: 18/21 MP: 2/2
   434 | D:1      | Reached skill level 1 in Stealth
   858 | D:2      | Reached XP level 3. HP: 26/26 MP: 3/3
   930 | D:2      | Found a glowing golden altar of the Shining One.
   930 | D:2      | Found a shimmering altar of Xom.
  1188 | D:2      | Reached XP level 4. HP: 31/31 MP: 4/4
  1378 | D:2      | Reached skill level 2 in Stealth
  1524 | D:3      | Reached XP level 5. HP: 36/36 MP: 5/5
  1763 | D:3      | Noticed an ogre
  1777 | D:3      | Killed an ogre
  1777 | D:3      | Reached skill level 3 in Stealth
  1777 | D:3      | Reached XP level 6. HP: 27/43 MP: 6/6
  1943 | D:4      | Found Kaeveylu's Antique Armour Shop.
  2251 | D:4      | Reached XP level 7. HP: 27/48 MP: 7/7
  2298 | D:4      | Reached skill level 4 in Stealth
  2491 | D:5      | Entered Level 5 of the Dungeon
  2591 | D:5      | Found a shattered altar of Ashenzari.
  2667 | D:5      | Found Jisi Kugh's Antique Armour Boutique.
  2746 | D:5      | Noticed Menkaure
  2755 | D:5      | Killed Menkaure
  2755 | D:5      | Reached skill level 5 in Long Blades
  3149 | D:6      | Reached XP level 8. HP: 44/54 MP: 8/8
  3273 | D:6      | Reached skill level 5 in Stealth
  3611 | D:6      | Reached skill level 5 in Shields
  3841 | D:6      | Found an opulent altar of Gozag.
  4301 | D:5      | Reached skill level 5 in Dodging
  4408 | D:5      | Reached skill level 5 in Fighting
  4427 | D:5      | Noticed Grinder
  4437 | D:5      | Killed Grinder
  4437 | D:5      | Reached skill level 6 in Stealth
  4843 | D:6      | Became a worshipper of Gozag Ym Sagoz the Greedy
  4891 | D:7      | Reached XP level 9. HP: 52/61 MP: 9/9
  5024 | D:7      | Found a hide-covered altar of Uskayaw.
  5091 | D:7      | Found a staircase to the Ecumenical Temple.
  5547 | D:7      | Reached skill level 7 in Stealth
  5829 | D:8      | Noticed Joseph
  5846 | D:8      | Killed Joseph
  5965 | D:8      | Found a runed door.
  5979 | D:8      | Found a basalt altar of Yredelemnul.
  5990 | D:8      | Found a radiant altar of Vehumet.
  6177 | D:8      | Noticed Psyche
  6186 | D:8      | Killed Psyche
  6186 | D:8      | Reached skill level 8 in Stealth
  6186 | D:8      | Reached XP level 10. HP: 67/69 MP: 10/10
  6488 | D:9      | Found a snail-covered altar of Cheibriados.
  6500 | D:9      | Found a staircase to the Lair.
  6555 | D:9      | Found a stormy altar of Qazlal.
  6715 | D:9      | You fall through a shaft for 3 floors!
  6715 | D:12     | Found a staircase to the Orcish Mines.
  6817 | D:12     | Noticed a skeletal warrior
  7099 | D:10     | Entered Level 10 of the Dungeon
  7130 | D:10     | Reached skill level 9 in Stealth
  7240 | D:10     | Noticed Erica
  7255 | D:10     | Killed Erica
  7255 | D:10     | Reached XP level 11. HP: 31/75 MP: 11/11
  7268 | D:10     | Reached skill level 10 in Long Blades
  7301 | D:10     | Bought a brightly glowing short sword for 216 gold pieces
  7301 | D:10     | Identified the +11 short sword of Dismay {pierce, Str+4 Int+5 Stlth+} (You bought it in a shop on level 10 of the Dungeon)
  7501 | D:10     | Found Tunaucul's Weapon Shop.
  7627 | D:10     | Found a stormy altar of Qazlal.
  7703 | D:10     | Bought a transparent short sword for 216 gold pieces
  7703 | D:10     | Identified the +8 short sword "Wyudootu" {pierce, Str+4 Int+5} (You bought it in a shop on level 10 of the Dungeon)
  7728 | D:11     | Noticed a brown ugly thing
  7832 | D:9      | Found a white marble altar of Elyvilon.
  7996 | Lair:1   | Entered Level 1 of the Lair of Beasts
  8155 | Lair:1   | Reached skill level 1 in Short Blades
  8355 | Lair:1   | Reached skill level 10 in Stealth
  9101 | Lair:2   | Noticed a catoblepas
  9104 | Lair:2   | Killed a catoblepas
  9214 | Lair:2   | Noticed a seven-headed hydra
  9227 | Lair:2   | Killed a seven-headed hydra
  9356 | Lair:2   | Reached skill level 5 in Short Blades
  9356 | Lair:2   | Reached XP level 12. HP: 84/84 MP: 12/12
  9404 | Lair:2   | Reached skill level 11 in Stealth
  9469 | Lair:2   | Got an ancient wooden ring
  9470 | Lair:2   | Identified the ring "Axoceul" {*Contam +Inv rPois rF+++ rC- SInv} (You found it on level 2 of the Lair of Beasts)
  9776 | Lair:3   | Noticed a seven-headed hydra
  9967 | Lair:3   | Found a staircase to the Shoals.
 10558 | Lair:4   | Found a labyrinth entrance.
 10574 | Lab      | Entered a labyrinth
 10833 | Lab      | Noticed a minotaur
 10958 | Lab      | Killed a minotaur
 10968 | Lab      | Found the +3 Elemental Staff {rElec rF++ rC++ MR++ AC+5}
 10969 | Lab      | Got an ichor-stained rapier
 11143 | Lab      | Identified the +3 rapier "Neuwke" {elec, +Inv MR+ Str+5 Dex-3} (You found it in a labyrinth)
 11278 | Lair:4   | Noticed a six-headed hydra
 11464 | Lair:4   | Killed a three-headed hydra
 11464 | Lair:4   | Reached skill level 12 in Stealth
 11464 | Lair:4   | Reached skill level 1 in Evocations
 11648 | Lair:4   | Found a hole to the Spider Nest.
 11956 | Lair:5   | Noticed a four-headed hydra
 11966 | Lair:5   | Killed a one-headed hydra
 12268 | Lair:5   | Found a snail-covered altar of Cheibriados.
 12519 | Lair:5   | Reached XP level 13. HP: 90/90 MP: 15/15
 12788 | Lair:6   | Entered Level 6 of the Lair of Beasts
 12817 | Lair:6   | Found a staircase to the Slime Pits.
 12817 | Lair:6   | Noticed Snorg
 13203 | Lair:5   | Found a snail-covered altar of Cheibriados.
 13784 | Lair:6   | Killed Snorg
 13784 | Lair:6   | Reached skill level 10 in Fighting
 13784 | Lair:6   | Reached skill level 13 in Stealth
 14654 | Lair:6   | Reached skill level 5 in Evocations
 15652 | Lair:6   | Bought a +2 ring of protection for 150 gold pieces
 15924 | Lair:6   | Reached skill level 14 in Stealth
 15927 | Lair:6   | Reached XP level 14. HP: 99/99 MP: 18/18
 16344 | D:11     | Noticed Harold
 16647 | D:10     | Reached skill level 10 in Dodging
 16653 | D:10     | Killed Harold
 17583 | D:12     | Found a portal to a secret trove of treasure.
 17834 | D:12     | Found the +3 giant club "Skullcrusher" {speed, Str+7}
 18644 | Orc:1    | Entered Level 1 of the Orcish Mines
 18928 | D:5      | Bought a glowing hat for 182 gold pieces
 19051 | Orc:2    | Entered Level 2 of the Orcish Mines
 19051 | Orc:2    | Found a staircase to the Elven Halls.
 19113 | Orc:2    | Found Keopraeb's Magic Scroll Emporium.
 19843 | Orc:1    | Reached skill level 15 in Stealth
 20707 | Orc:2    | Reached skill level 10 in Shields
 21348 | Orc:2    | Noticed an orc warlord
 21697 | Orc:2    | Killed an orc warlord
 21697 | Orc:2    | Reached XP level 15. HP: 106/108 MP: 19/21
 22083 | Orc:2    | Found Peuxosk's Antique Armour Boutique.
 22084 | Orc:2    | Found Vousomya's Antique Weapon Boutique.
 22085 | Orc:2    | Found Suit's General Store.
 22085 | Orc:2    | Found Jinakh's Book Shop.
 22398 | D:13     | Found a gate to the Vaults.
 22507 | D:13     | Gained mutation: Your magical capacity is low. (-10% MP) [potion of mutation]
 22507 | D:13     | Gained mutation: Your mind is acute. (Int +2) [potion of mutation]
 22655 | D:13     | Noticed Sonja
 22662 | D:13     | Killed Sonja
 22937 | D:13     | Noticed Rupert
 22955 | D:13     | Killed Rupert
 23426 | D:14     | Noticed Josephine
 23441 | D:14     | Killed Josephine
 23860 | D:14     | Reached skill level 16 in Stealth
 24661 | D:15     | Entered Level 15 of the Dungeon
 25784 | D:15     | Paralysed by a wizard for 3 turns
 25839 | D:15     | Found a staircase to the Depths.
 25965 | D:15     | Reached XP level 16. HP: 99/116 MP: 21/21
 26230 | D:15     | Reached skill level 10 in Evocations
 26586 | Shoals:1 | Entered Level 1 of the Shoals
 26657 | Shoals:1 | Slain by an alligator snapping turtle

Skill      XL: |  1  2  3  4  5  6  7  8  9 10 11 12 13 14 15 16 |
---------------+-------------------------------------------------+-----
Stealth        | 1 2 3 4 6 8 9 10 12 14 15 16 | 16.7
Long Blades    | 3 4 5 6 8 9 10 | 10.0
Shields        | 4 5 6 7 8 10 11 | 11.4
Fighting       | 4 5 6 7 8 9 10 11 12 | 12.7
Dodging        | 4 5 6 7 8 9 10 11 12 | 12.0
Short Blades   | 5 8 9 |  9.1
Evocations     | 3 6 8 9 10 | 10.2

Action                   |  1- 3 |  4- 6 |  7- 9 | 10-12 | 13-15 | 16-18 || total
-------------------------+-------+-------+-------+-------+-------+-------++-------
Melee: Long sword        |    56 |   108 |   210 |    35 |       |       ||   409
       Constrict         |    22 |    27 |    53 |    71 |   142 |    16 ||   331
       Tentacles         |    10 |    24 |    63 |   115 |   344 |    21 ||   577
       Mace              |       |       |     8 |   129 |       |       ||   137
       Short sword       |       |       |       |   244 |   820 |    22 ||  1086
       Scimitar          |       |       |       |    14 |   313 |    33 ||   360
       Staff             |       |       |       |       |   107 |     6 ||   113
Invok: Call Merchant     |       |       |       |     2 |     4 |     1 ||     7
       Potion Petition   |       |       |       |     1 |       |       ||     1
 Abil: Evoke Berserk Rag |       |       |       |     1 |    12 |     1 ||    14
       Evoke Invisibilit |       |       |       |       |     4 |     1 ||     5
Evoke: Wand              |       |       |     4 |    25 |     2 |       ||    31
  Use: Scroll            |       |       |       |    23 |     6 |     3 ||    32
       Potion            |       |       |       |     5 |     3 |     3 ||    11
 Stab: Sleeping          |     9 |    12 |    15 |    32 |    47 |     2 ||   117
       Distracted        |       |       |     3 |     6 |    25 |       ||    34
       Invisible         |       |       |       |       |    16 |       ||    16
       Confused          |       |       |       |       |     1 |       ||     1
  Eat: Chunk             |     1 |     4 |     4 |       |       |       ||     9
       Ration            |       |       |     2 |     6 |    17 |     1 ||    26
Armor: Skin              |     9 |     3 |    12 |    34 |    77 |    12 ||   147
Dodge: Dodged            |    32 |    66 |    94 |   221 |   507 |    50 ||   970
Block: Shield            |    22 |    48 |    93 |   255 |   630 |    56 ||  1104
       Rpst.: Long sword |    12 |    14 |    29 |     7 |       |       ||    62
       Scimitar          |       |       |       |     2 |    40 |     2 ||    44
